 Dungeon Crawl Stone Soup version 0.32-a0-468-g38b2580584 (webtiles) character file.

Game seed: 12213302139190400815

122199 Angani the Hermetic (level 16, 0/134 HPs)
             Began as a Green Draconian Alchemist on Feb 17, 2024.
             Was the Champion of Ru.
             Slain by an eight-headed hydra (1 damage)
             ... on level 15 of the Dungeon on Feb 24, 2024.
             The game lasted 01:27:36 (24498 turns).

Angani the Hermetic (Green Draconian Alchemist)    Turns: 24498, Time: 01:27:37

Health: 0/134      AC: 23    Str: 12    XL:     16   Next: 11%
Magic:  26/39      EV: 15    Int: 28    God:    Ru [******]
Gold:   351        SH:  0    Dex: 11    Spells: 4/34 levels left

rFire   . . .        x - +9 dagger of Zin, Changing {protect, ^Fragile rF+ rC+ rCorr}
rCold   . . .        (shield unavailable)
rNeg    . . .        (body armour unavailable)
rPois   +            R - +3 hat of Pondering {ponderous, Will+ MP+10 Int+5}
rElec   .            l - +0 cloak
rCorr   +            (no gloves)
SInv    .            Q - +2 pair of boots {Stlth+}
Will    +++..        k - amulet of the acrobat
Stlth   +++++        (ring unavailable)
HPRegen 0.42/turn    v - ring of willpower
MPRegen 0.26/turn

%: acrobat
@: under a protective aura, spewing sludge, slightly contaminated, slow
A: breathe noxious fumes, AC +9, unfitting armour, stinger 1, poison resistance,
cold-blooded, missing a hand, hated by all, temperature sensitive, no forms
a: Breathe Noxious Fumes, Renounce Religion, Draw Out Power, Power Leap,
Apocalypse


You were on level 15 of the Dungeon.
You worshipped Ru.
Ru was exalted by your worship.
You visited 2 branches of the dungeon, and saw 20 of its levels.

You collected 1572 gold pieces.
You spent 1221 gold pieces at shops.

Inventory:

Hand Weapons
 x - the +9 dagger of Zin, Changing (weapon) {protect, ^Fragile rF+ rC+ rCorr}
   (You found it on level 6 of the Dungeon)

   rF+:       It protects you from fire.
   rC+:       It protects you from cold.
   rCorr:     It protects you from acid and corrosion.
   ^Fragile:  It will be destroyed if unequipped.
Missiles
 f - 3 curare-tipped darts
 h - 11 poisoned darts
 u - 5 throwing nets
Armour
 l - a +0 cloak (worn)
 P - a scarf of invisibility
 Q - a +2 pair of boots of stealth (worn)
 R - the +3 hat of Pondering (worn) {ponderous, Will+ MP+10 Int+5}
   (You took it off Gastronok on level 12 of the Dungeon)

   Int+5:     It affects your intelligence (+5).
   Will+:     It increases your willpower.
   MP+10:     It affects your magic capacity (+10).
Magical Staves
 g - a staff of earth
 H - a staff of conjuration
Jewellery
 j - a ring of ice
 k - an amulet of the acrobat (around neck)
 v - a ring of willpower (right hand)
 E - a ring of positive energy
 F - a ring of fire
 K - a +6 ring of dexterity
 S - a ring of flight
Wands
 y - a wand of roots (27)
 B - a wand of flame (35)
 G - a wand of mindburst (23)
 T - a wand of digging (14)
 V - a wand of paralysis (4)
Scrolls
 b - 5 scrolls of poison
 c - 2 scrolls of fog
 d - a scroll of vulnerability
 i - 6 scrolls of noise
 n - 3 scrolls of brand weapon
 o - 7 scrolls of teleportation
 p - 3 scrolls of torment
 r - 6 scrolls of fear
 s - 3 scrolls of blinking
 t - 6 scrolls of enchant weapon
 I - 5 scrolls of immolation
 J - 2 scrolls of enchant armour
 X - a scroll of acquirement
Potions
 a - 3 potions of magic
 e - 3 potions of haste
 m - 3 potions of berserk rage
 q - 5 potions of curing
 w - 2 potions of heal wounds
 z - 4 potions of mutation
 A - 2 potions of attraction
 C - 3 potions of might
 D - 3 potions of brilliance
 L - 2 potions of invisibility
 O - a potion of resistance
 W - 2 potions of enlightenment
Miscellaneous
 M - a phantom mirror
 N - a phial of floods


   Skills:
 - Level 10.0 Fighting
 - Level 10.0 Dodging
 - Level 10.0 Stealth
 - Level 9.7 Spellcasting
 + Level 7.9 Conjurations
 - Level 9.4 Hexes
 + Level 15.2 Alchemy
 - Level 10.0 Evocations


You had 4 spell levels left.
You knew the following spells:

 Your Spells              Type           Power      Damage    Failure   Level
a - Sting                 Conj/Alch      100%       1d9       1%          1
b - Mercury Vapours       Alch/Air       100%       N/A       1%          2
c - Mephitic Cloud        Conj/Alch/Air  54%        N/A       1%          3
d - Olgreb's Toxic Radia  Alch           78%        N/A       1%          4
e - Sticky Flame          Fire/Alch      54%        2d10      1%          4
f - Yara's Violent Unrav  Hex/Alch       35%        3d14      1%          5
g - Eringya's Noxious Bo  Alch           39%        4d6       1%          6
h - Irradiate             Conj/Alch      34%        3d23      1%          5

Your spell library contained the following spells:

 Spells                   Type           Power      Damage    Failure   Level
 Dazzling Flash           Conj/Hex       100%       N/A       1%          3
 Fulminant Prism          Conj/Alch      34%        3d16      1%          4
 Petrify                  Alch/Erth      54%        N/A       1%          4
 Lesser Beckoning         Tloc           26%        N/A       6%          2
 Sublimation of Blood     Necr           13%        N/A       6%          2
 Brom's Barrelling Bould  Conj/Erth      35%        2d5       9%          4
 Iskenderun's Mystic Bla  Conj/Tloc      35%        2d8       9%          4
 Gell's Gravitas          Tloc           13%        N/A       12%         3
 Teleport Other           Tloc           13%        N/A       12%         3
 Volatile Blastmotes      Fire/Tloc      26%        2d12      12%         3
 Passage of Golubria      Tloc           13%        N/A       38%         4
 Alistair's Intoxication  Alch           52%        N/A       1%          5
 Iskenderun's Battlesphe  Conj           55%        2d11      4%          5
 Silence                  Hex/Air        20%        N/A       17%         5
 Fireball                 Conj/Fire      17%        3d9       22%         5
 Borgnjor's Vile Clutch   Necr/Erth      6%         N/A       75%         5
 Curse of Agony           Necr           13%        N/A       75%         5
 Conjure Ball Lightning   Conj/Air       17%        3x3d6     77%         6
 Orb of Destruction       Conj           27%        9d9       80%         7
 Dispersal                Tloc           6%         N/A       99%         6
 Discord                  Hex            30%        N/A       99%         8
 Ozocubu's Refrigeration  Ice            6%         4d8       100%        7
 Tukima's Dance           Hex            Unusable   N/A       N/A         3

Dungeon Overview and Level Annotations

Branches:
Dungeon (15/15)            Temple (0/1) D:7            Lair (5/5) D:11
 Shoals (0/4) Lair:2       Spider (0/4) Lair:3        Slime (0/5) Lair:5
    Orc (0/2) D:11         Vaults (0/5) D:13
 Depths: D:15

Altars:
Cheibriados
Dithmenos
Gozag
Nemelex Xobeh
Ru
Sif Muna
Uskayaw
Vehumet
Wu Jian

Shops:
D:3 *   D:12 *   D:13 *:[[   D:14 (*(*(

Annotations:
D:10 3 runed translucent doors, exclusion: 3 doors, bmj180's ghost, journeyman HuCj
D:12 exclusion: 4 doors, Nessos
D:14 1 runed translucent door, Koneso's ghost, journeyman DjCj
Lair:3 1 runed translucent door, Tutoepidd's ghost, journeyman DrFE


Innate Abilities, Weirdness & Mutations

You can breathe blasts of noxious fumes.
Your lurid green scales are hard. (AC +9)
You cannot fit into any form of body armour.
Your tail ends in a venomous barb.
Your system is resistant to poisons. (rPois)
You are cold-blooded and may be slowed by cold attacks.
You are missing a hand.
You are hated by all.
You are sensitive to extremes of temperature. (rF-, rC-)
You cannot voluntarily change form.


Message History

The eight-headed hydra festers in the toxic bog!
The eight-headed hydra looks as sick as possible!
The eight-headed hydra closely misses you.
The eight-headed hydra bites you!
The eight-headed hydra bites you but does no damage.
The eight-headed hydra closely misses you.
The eight-headed hydra bites you but does no damage. x2
The eight-headed hydra bites you!
* * * LOW HITPOINT WARNING * * *
The eight-headed hydra bites you.
* * * LOW HITPOINT WARNING * * *
You redirect the centaur's attack!
The centaur wields a +0 shortbow.
The centaur shoots an arrow.
The arrow hits the centaur.
A centaur comes into view.
You redirect the centaur warrior's attack!
The centaur warrior wields a +0 orcbow.
The centaur warrior shoots an arrow.
The arrow hits the centaur!!
The centaur dies!
Unknown command.
You hit the eight-headed hydra.
Your weapon exudes an aura of protection.
The eight-headed hydra is heavily wounded.
You redirect the centaur's attack!
The centaur wields a +0 shortbow.
The centaur shoots an arrow.
The arrow hits the centaur warrior!
The eight-headed hydra is engulfed in a cloud of scalding steam.
The eight-headed hydra festers in the toxic bog.
The eight-headed hydra looks as sick as possible!
The eight-headed hydra misses you. The eight-headed hydra bites you!
* * * LOW HITPOINT WARNING * * *
The eight-headed hydra closely misses you.
The eight-headed hydra bites you but does no damage.
The eight-headed hydra bites you!
* * * LOW HITPOINT WARNING * * *
The eight-headed hydra bites you!
* * * LOW HITPOINT WARNING * * *
The eight-headed hydra bites you.
You die...
Ru respects your ultimate sacrifice.

#....# #....#
#....# ######
#....# ......
#....### .....
##.....#####....
#####.#....#
.######.#.~~.#
........c$~D@+
..#####c#.~~.#
...+.~~$#
###.#.~~.#
..+.~~.#
#.#.)..#
#.#....#
#.#....#


You could see an eight-headed hydra (extremely poisoned), a centaur warrior and
a centaur (distracted).

Vanquished Creatures
  Rupert (D:12)
  Gastronok (D:12)
  A tengu reaver (D:13)
  Erolcha (D:13)
  A rakshasa (D:15)
  A vault guard (D:13)
  3 hydras (Lair:5)
  4 centaur warriors
  3 catoblepae
  An ironbound frostheart (D:13)
  2 two-headed ogres (D:13)
  3 boulder beetles
  A deep troll shaman (Lair:5)
  A tengu warrior (D:14)
  Urug (D:12)
  12 death yaks
  A skeletal warrior (D:11)
  2 arcanists
  An orc knight (D:14)
  Pikel (D:4)
  4 deep elf pyromancers
  An orc sorcerer (D:14)
  3 manticores
  13 ugly things
  A moth of wrath (shapeshifter) (D:15)
  22 elephants
  4 black mambas
  4 gargoyles
  5 cane toads
  7 komodo dragons
  8 rime drakes
  A tengu conjurer (D:14)
  5 trolls
  4 polar bears
  A hornet (D:9)
  A dream sheep (Lair:4)
  10 blink frogs
  13 slime creatures
  A shadow (D:12)
  Sigmund (D:4)
  4 wraiths
  55 yaks
  2 humans (D:13)
  6 wyverns
  8 basilisks
  A steam dragon (Lair:1)
  2 redbacks (Lair:3)
  A warg (D:11)
  20 vampire mosquitoes
  3 acid dragons
  13 water moccasins
  2 ice beasts
  A sky beast (D:7)
  An ogre (D:6)
  2 black bears
  6 orc warriors
  8 centaurs
  17 wolves
  3 lemures (D:4)
  A kobold brigand (D:9)
  7 bullfrogs
  3 gnoll sergeants
  4 scorpions
  4 wights (D:8)
  20 killer bees
  7 electric eels
  7 howler monkeys
  7 hounds
  3 jellies
  2 bombardier beetles
  6 orc priests
  Crazy Yiuf (D:5)
  2 gnoll boudas
  2 sleepcaps
  8 iguanas
  Ijyb (D:4)
  Natasha (D:1)
  9 orc wizards
  7 hell rats
  A boggart simulacrum (D:14)
  29 gnolls
  14 adders
  A river rat (Lair:4)
  2 shadow imps
  3 white imps
  An ufetubus (D:7)
  46 orcs
  6 bats
  10 endoplasms
  3 giant cockroaches
  4 goblins
  9 hobgoblins
  4 jackals (D:2)
  13 kobolds
  2 quokkas
  9 ball pythons
  6 frilled lizards
  5 rats
576 creatures vanquished.

Vanquished Creatures (collateral kills)
  A hydra (Lair:5)
  A black mamba (Lair:5)
2 creatures vanquished.

Vanquished Creatures (others)
  A rime drake (Lair:1)
  A blink frog (Lair:2)
  A steam dragon (Lair:3)
  A black bear (Lair:5)
  A centaur (D:15)
  A hell rat (Lair:5)
6 creatures vanquished.

Grand Total: 584 creatures vanquished

Notes
Turn   | Place    | Note
-------+----------+-------------------------------------------
     0 | D:1      | Angani the Draconian Alchemist began the quest for the Orb.
     0 | D:1      | Reached XP level 1. HP: 14/14 MP: 3/3
   278 | D:1      | Reached XP level 2. HP: 20/20 MP: 1/5
   438 | D:1      | Learned a level 2 spell: Mercury Vapours
   740 | D:1      | Reached XP level 3. HP: 26/26 MP: 3/6
   913 | D:2      | Noticed Natasha
   923 | D:1      | Killed Natasha
   931 | D:2      | Reached XP level 4. HP: 20/33 MP: 3/8
  1148 | D:2      | Learned a level 3 spell: Mephitic Cloud
  1422 | D:2      | Reached skill level 4 in Alchemy
  1984 | D:3      | Reached XP level 5. HP: 33/38 MP: 6/9
  2281 | D:3      | Learned a level 4 spell: Olgreb's Toxic Radiance
  2597 | D:3      | Found Umogajop's Assorted Antiques.
  2698 | D:3      | Bought a bronze ring for 125 gold pieces
  2698 | D:3      | Bought a silvery potion for 22 gold pieces
  2712 | D:3      | You fall into a shaft and drop 3 floors!
  2715 | D:6      | Identified the +9 dagger of Zin, Changing {protect,
                  | ^Fragile rF+ rC+ rCorr}
  2726 | D:6      | Noticed an ogre
  2752 | D:6      | Killed an ogre
  2753 | D:6      | Reached XP level 6. HP: 43/45 MP: 0/11
  2889 | D:6      | Reached skill level 5 in Alchemy
  2982 | D:6      | Noticed a water moccasin
  2991 | D:6      | Killed a water moccasin
  2992 | D:6      | Your scales start taking on a lurid green colour.
  2992 | D:6      | Reached skill level 6 in Alchemy
  2992 | D:6      | Reached XP level 7. HP: 50/50 MP: 9/13
  2992 | D:6      | Gained mutation: Your system is resistant to poisons.
                  | (rPois) [Green Draconian growth]
  3016 | D:6      | Noticed a yak
  3027 | D:6      | Killed a yak
  3028 | D:6      | Reached skill level 7 in Alchemy
  3071 | D:5      | Entered Level 5 of the Dungeon
  3635 | D:4      | Noticed Pikel
  3646 | D:4      | Killed Pikel
  3647 | D:4      | Reached skill level 5 in Spellcasting
  3647 | D:4      | Reached skill level 5 in Conjurations
  3647 | D:4      | Reached skill level 9 in Alchemy
  3647 | D:4      | Reached XP level 8. HP: 52/57 MP: 3/15
  3884 | D:4      | Noticed Ijyb
  3890 | D:4      | Killed Ijyb
  4388 | D:4      | Noticed Sigmund
  4394 | D:4      | Killed Sigmund
  4395 | D:4      | Reached skill level 10 in Alchemy
  4639 | D:5      | Reached XP level 9. HP: 63/63 MP: 5/18
  4744 | D:5      | Reached skill level 1 in Fighting
  4784 | D:5      | Found a radiant altar of Vehumet.
  5251 | D:5      | Found a runed translucent door.
  5252 | D:5      | Noticed Crazy Yiuf
  5258 | D:5      | Killed Crazy Yiuf
  5386 | D:5      | Found a sacrificial altar of Ru.
  5395 | D:5      | Became a worshipper of Ru the Awakened
  5709 | D:6      | Found a shadowy altar of Dithmenos.
  5713 | D:6      | Found a shimmering blue altar of Sif Muna.
  5713 | D:6      | Found an opulent altar of Gozag.
  5717 | D:6      | Found a hide-covered altar of Uskayaw.
  6642 | D:7      | Found a blossoming altar of Fedhas.
  6851 | D:7      | Found a staircase to the Ecumenical Temple.
  7041 | D:7      | Gained mutation: You are sensitive to extremes of
                  | temperature. (rF-, rC-) [Ru sacrifice]
  7041 | D:7      | Reached * piety under Ru
  7041 | D:7      | Reached ** piety under Ru
  7440 | D:8      | Reached skill level 5 in Fighting
  7440 | D:8      | Reached skill level 5 in Stealth
  7542 | D:8      | Found a sparkling altar of Nemelex Xobeh.
  7631 | D:8      | Reached XP level 10. HP: 68/81 MP: 10/19
  7960 | D:8      | Reached skill level 5 in Dodging
  8004 | D:8      | Learned a level 4 spell: Sticky Flame
  8010 | D:8      | Learned a level 5 spell: Yara's Violent Unravelling
  8695 | D:9      | Found an ornate altar of the Wu Jian Council.
  9760 | D:10     | Entered Level 10 of the Dungeon
  9941 | D:10     | Reached XP level 11. HP: 67/94 MP: 0/20
 10524 | D:10     | Found a runed translucent gate.
 10525 | D:10     | Found a runed translucent gate.
 10525 | D:10     | Found a runed translucent gate.
 10525 | D:10     | Noticed bmj180's ghost (journeyman HuCj)
 10659 | D:10     | Found a viscous altar of Jiyva.
 10697 | D:11     | Noticed a centaur warrior
 10711 | D:11     | Noticed a boulder beetle
 10726 | D:11     | Killed a boulder beetle
 10924 | D:11     | Noticed a skeletal warrior
 11108 | D:11     | Found a staircase to the Orcish Mines.
 11587 | D:11     | Killed a skeletal warrior
 11630 | D:11     | Noticed a purple ugly thing
 11649 | D:11     | Killed a purple ugly thing
 11761 | D:11     | Killed a centaur warrior
 12058 | D:11     | Found a staircase to the Lair.
 12069 | D:11     | Noticed an arcanist
 12080 | D:11     | Killed an arcanist
 12598 | D:12     | Noticed Rupert
 12616 | D:12     | Killed Rupert
 12617 | D:12     | Reached skill level 10 in Fighting
 12980 | D:12     | Found an opulent altar of Gozag.
 13123 | D:12     | Found Qogipim's General Store.
 13123 | D:12     | Noticed Nessos
 13147 | D:12     | Noticed a deep elf pyromancer
 13156 | D:12     | Killed a deep elf pyromancer
 13157 | D:12     | Reached skill level 1 in Evocations
 13157 | D:12     | Reached XP level 12. HP: 91/106 MP: 16/21
 13505 | D:12     | Noticed Urug
 13524 | D:12     | Killed Urug
 13698 | D:12     | Noticed Gastronok
 13714 | D:12     | Killed Gastronok
 13715 | D:12     | Reached skill level 10 in Stealth
 14236 | Lair:1   | Entered Level 1 of the Lair of Beasts
 14548 | Lair:1   | Reached skill level 5 in Evocations
 14816 | Lair:1   | Reached skill level 10 in Dodging
 15536 | Lair:4   | Noticed a death yak
 15536 | Lair:4   | Noticed a death yak
 15537 | Lair:4   | Noticed a death yak
 15537 | Lair:4   | Noticed a death yak
 15537 | Lair:4   | Noticed a death yak
 15537 | Lair:4   | Noticed a death yak
 15560 | Lair:4   | You fall into a shaft and drop 1 floor!
 15560 | Lair:5   | Entered Level 5 of the Lair of Beasts
 15571 | Lair:5   | Noticed a five-headed hydra
 15586 | Lair:5   | Killed a five-headed hydra
 15684 | Lair:5   | Noticed a five-headed hydra
 15692 | Lair:5   | Killed a five-headed hydra
 15693 | Lair:5   | Reached XP level 13. HP: 56/113 MP: 7/22
 15757 | Lair:5   | Found a viscous altar of Jiyva.
 15758 | Lair:5   | Found a staircase to the Slime Pits.
 15786 | Lair:5   | Gained mutation: You are hated by all. [Ru sacrifice]
 15786 | Lair:5   | Reached *** piety under Ru
 15828 | Lair:5   | Reached skill level 10 in Evocations
 16042 | Lair:5   | Reached skill level 1 in Hexes
 16282 | Lair:5   | Found the +11 plutonium sword {^Contam Stlth-}
 16302 | Lair:5   | Got an earthy gem with 1531 turns to spare
 16324 | Lair:5   | Identified the +6 morningstar "Maviging" {spect, rC- Will+
                  | Str+2 Dex+4}
 16516 | Lair:5   | Reached skill level 5 in Hexes
 16516 | Lair:5   | Upgraded the game from 0.32-a0-350-g4f4d228785 to
                  | 0.32-a0-468-g38b2580584
 17528 | Lair:5   | Gained mutation: You cannot voluntarily change form. [Ru
                  | sacrifice]
 17528 | Lair:5   | Reached **** piety under Ru
 17744 | Lair:4   | Reached skill level 11 in Alchemy
 17754 | Lair:4   | Gained mutation: Your tail ends in a venomous barb. [Green
                  | Draconian growth]
 17754 | Lair:4   | Reached XP level 14. HP: 57/121 MP: 13/26
 18025 | Lair:4   | Found a snail-covered altar of Cheibriados.
 18225 | Lair:4   | Reached skill level 12 in Alchemy
 19009 | Lair:3   | Gained mutation: You are missing a hand. [Ru sacrifice]
 19009 | Lair:3   | Reached ***** piety under Ru
 19009 | Lair:3   | Reached ****** piety under Ru
 19054 | Lair:3   | Learned a level 6 spell: Eringya's Noxious Bog
 19173 | Lair:3   | Found a hole to the Spider Nest.
 19423 | Lair:3   | Found a runed translucent door.
 19423 | Lair:3   | Noticed Tutoepidd's ghost (journeyman DrFE)
 20188 | Lair:2   | Found a staircase to the Shoals.
 20648 | Lair:2   | Reached skill level 13 in Alchemy
 21467 | D:13     | Found Siowad's Assorted Antiques.
 21542 | D:13     | Bought a potion of heal wounds for 135 gold pieces
 21542 | D:13     | Bought an inky potion for 24 gold pieces
 21796 | D:13     | Reached XP level 15. HP: 126/126 MP: 28/28
 21961 | D:13     | Found Ygreqatta's Antique Armour Emporium.
 21965 | D:13     | Found Qenyac's Armour Boutique.
 21967 | D:13     | Found Uppaah's Book Boutique.
 21990 | D:13     | Bought a book of Transmutation for 448 gold pieces
 21996 | D:13     | Learned a level 5 spell: Irradiate
 22167 | D:13     | Found a gate to the Vaults.
 22208 | D:13     | Noticed Erolcha
 22215 | D:13     | Killed Erolcha
 22425 | D:13     | Noticed a tengu reaver
 22435 | D:13     | Killed a tengu reaver
 22436 | D:13     | Reached skill level 14 in Alchemy
 22808 | D:14     | Found Ujadaoga's General Store.
 22839 | D:14     | Bought a +2 pair of boots of stealth for 344 gold pieces
 23707 | D:14     | Found Hejerauch's Weapon Boutique.
 23805 | D:14     | Found Oludghit's General Store.
 23814 | D:14     | Bought a scroll of identify for 26 gold pieces
 23814 | D:14     | Bought a scroll of enchant weapon for 97 gold pieces
 23845 | D:14     | Found Niezurph's Antique Weapon Boutique.
 24081 | D:14     | Found a runed translucent door.
 24084 | D:14     | Noticed Koneso's ghost (journeyman DjCj)
 24089 | D:14     | Identified the +3 trident of Botsoff {freeze, Fly rElec rF-
                  | SInv}
 24127 | D:14     | Reached XP level 16. HP: 127/134 MP: 29/29
 24263 | D:14     | Found Byffi's Antique Weapon Boutique.
 24383 | D:15     | Entered Level 15 of the Dungeon
 24434 | D:15     | Reached skill level 15 in Alchemy
 24490 | D:15     | Identified a scroll of acquirement
 24498 | D:15     | HP: 1/134 [eight-headed hydra (9)]
 24498 | D:15     | Slain by an eight-headed hydra

Illustrated notes

Levels and vault maps discovered:
D:1:      wheals_arrival_shading, layout_loops_ring, st_stairs_7,
          grunt_decor_mini_mirrors, corexii_corridor_pit
D:2:      kb_forest_paths, layout_rooms, chequers_avenue, uniq_natasha
D:3:      layout_basic, serial_shops, shop
D:4:      layout_gridville, uniq_pikel, uniq_ijyb, uniq_sigmund
D:5:      layout_cave_pools, mainiacjoe_overflow_alcove_4,
          mainiacjoe_overflow_surrounded_room, uniq_crazy_yiuf_cottage
D:6:      minmay_angry_zag, layout_loops_cross, minitemple
D:7:      layout_layer_cave, amcnicky_altar_gilded,
          minmay_temple_entry_offerings, grunt_tough_drop
D:8:      layout_loops_ring, mainiacjoe_overflow_paths
D:9:      layout_basic, nicolae_wu_jian_wuxing_cycle, minmay_unpleasant_kobolds
D:10:     layout_loops_ring, gammafunk_ghost_ooze
D:11:     layout_long_grid, erik_lair_island, minmay_orc_entry_guard_dogs,
          minmay_diamond_spiral
D:12:     layout_roguey, serial_shops, shop, grunt_gozag_breadcrumbs,
          uniq_rupert, uniq_urug, uniq_nessos, uniq_gastronok
D:13:     layout_rooms, hellmonk_vaults_keyhole, serial_shops, shop, shop, shop,
          shop, kennysheep_just_a_vault, uniq_erolcha
D:14:     layout_loops_corners, ebering_ghost_funeral_grove, serial_shops,
          nicolae_shop_window_shopping, shop, shop,
          nicolae_shop_overgrown_old_shop, shop
D:15:     grunt_enter_depths_magical_seal, layout_basic, gauntlet_entry_generic,
          okawaru_ov_weapons_minmay
Lair:1:   layout_layer_cave, serial_rivers, chequers_serial_rivers_small_a,
          chequers_serial_rivers_micro_d, chequers_serial_rivers_micro_a,
          chequers_serial_rivers_micro_a, chequers_serial_rivers_small_a,
          chequers_serial_rivers_large_b, serial_bayou_shore_b
Lair:2:   layout_regular_city, shoals_dummy_entry, lemuel_fruit_tree
Lair:3:   layout_cave_shapes, spider_nest_entry_webs, enter_volcano_2,
          ebering_ghost_inner_flame
Lair:4:   layout_roguey, basic_altar, kennysheep_abandoned_house
Lair:5:   grunt_lair_end_beastmaster, layout_layer_cave, slime_entry_1,
          minmay_lair_drake_nest

Skill      XL: |  1  2  3  4  5  6  7  8  9 10 11 12 13 14 15 16 |
---------------+-------------------------------------------------+-----
Conjurations   | 2 3 4 5 6 7 |  7.9
Spellcasting   | 3 4 5 6 8 9 |  9.7
Alchemy        | 4 6 9 10 11 13 14 15 | 15.2
Dodging        | 2 4 6 8 10 | 10.0
Stealth        | 2 5 7 9 10 | 10.0
Fighting       | 5 7 10 | 10.0
Evocations     | 1 9 10 | 10.0
Hexes          | 6 8 9 |  9.4

Action                     |  1- 3 |  4- 6 |  7- 9 | 10-12 | 13-15 | 16-18 || total
---------------------------+-------+-------+-------+-------+-------+-------++-------
  Melee: Unarmed           |     7 |       |       |       |       |       ||     7
         Staff             |    14 |    49 |       |       |       |       ||    63
         Tailslap          |     1 |    12 |    22 |    43 |    98 |     4 ||   180
         Dagger            |       |    20 |   188 |   326 |   395 |    18 ||   947
   Cast: Sting             |    32 |    90 |    29 |    11 |       |       ||   162
         Olgreb's Toxic Ra |       |     1 |    53 |    86 |    85 |     2 ||   227
         Mephitic Cloud    |       |     1 |     4 |     4 |     3 |       ||    12
         Mercury Vapours   |       |     1 |       |       |       |       ||     1
         Sticky Flame      |       |       |       |    40 |    51 |     2 ||    93
         Eringya's Noxious |       |       |       |       |    18 |     4 ||    22
         Irradiate         |       |       |       |       |     6 |     5 ||    11
 Invoke: Sacrifice Resista |       |       |     1 |       |       |       ||     1
         Reject Sacrifices |       |       |       |     1 |       |       ||     1
         Draw Out Power    |       |       |       |       |     4 |       ||     4
         Sacrifice Love    |       |       |       |       |     1 |       ||     1
         Sacrifice Forms   |       |       |       |       |     1 |       ||     1
         Sacrifice a Hand  |       |       |       |       |     1 |       ||     1
Ability: Breathe Noxious F |       |       |     2 |     9 |    19 |     1 ||    31
  Evoke: Wand              |       |       |       |     2 |     4 |       ||     6
         Phantom mirror    |       |       |       |     2 |       |       ||     2
         Phial of floods   |       |       |       |       |     1 |       ||     1
    Use: Scroll            |     1 |     1 |     6 |    10 |     7 |     4 ||    29
         Potion            |       |       |       |     2 |     1 |     2 ||     5
   Stab: Sleeping          |       |     1 |     2 |    10 |     4 |       ||    17
         Distracted        |       |       |       |     2 |     2 |       ||     4
         Confused          |       |       |       |     1 |     7 |     1 ||     9
         Paralysed         |       |       |       |     1 |     1 |       ||     2
         Invisible         |       |       |       |     3 |     1 |       ||     4
         Petrifying        |       |       |       |     1 |       |       ||     1
         Petrified         |       |       |       |       |     2 |       ||     2
 Armour: Skin              |    16 |    58 |   109 |   279 |   336 |    31 ||   829
  Dodge: Dodged            |    23 |    72 |    97 |   233 |   328 |    31 ||   784
  Block: Buckler           |       |       |       |    21 |    32 |       ||    53

Table legend: (Time is in decaauts)
 A = Elapsed time spent in this place.
 B = Non-inter-level travel time spent in this place.
 C = Inter-level travel time spent in this place.
 D = Time resting spent in this place.
 E = Time spent auto-exploring this place.
 F = Levels seen in this place.
 G = Mean time per level.
                   A        B        C        D        E       F      G
               +--------+--------+--------+--------+--------+-----+--------+
         Total |  25210 |  24507 |    703 |   4395 |  15556 |  20 | 1260.5 |
       Dungeon |  18122 |  17538 |    584 |   3492 |  11178 |  15 | 1208.1 |
          Lair |   7087 |   6969 |    118 |    903 |   4378 |   5 | 1417.4 |
               +--------+--------+--------+--------+--------+-----+--------+

Top non-repeatable levels by time:
  Lair:5: 2255 daAuts
    D:12: 2148 daAuts
    D:11: 1721 daAuts
    D:14: 1658 daAuts
     D:9: 1489 daAuts
    D:13: 1404 daAuts
  Lair:1: 1345 daAuts
  Lair:4: 1319 daAuts
    D:10: 1271 daAuts
  Lair:2: 1187 daAuts
     D:3: 1137 daAuts
     D:7: 1080 daAuts
     D:5: 1079 daAuts
     D:2: 1077 daAuts
     D:4: 1045 daAuts
